Cogmind - Beta 10.2 @@@ ROGUE MODE // 2022.03.05 @ 15:35:35 // Winter2019/RPGLIKE Player: bossic002 Result: Destroyed by G-47 Trooper with Particle Gun Performance ------------- Evolutions (2) 1000 Regions Visited (6) 1200 Robots Destroyed (35) 175 Value Destroyed (560) 560 Prototype IDs (2) 40 Alien Tech Used (0) 0 Bonus (106) 106 TOTAL SCORE: 3081 Bonus ------- Follower Combat Kills 112 Friendly Fire -6 Cogmind --------- Core Integrity 0/600 Matter 213/300 Energy 311/315 System Corruption 0% Temperature Cool (26) Movement Flying (31) Location -8/Materials Parts ------- > --- POWER (1) -------- Improved Ion Engine > --- PROPULSION (4) --- Flight Unit Flight Unit Flight Unit Flight Unit > --- UTILITY (4) ------ Improved Sensor Array Seismic Analyzer Transport Network Coupler Hacking Suite > --- WEAPON (2) ------- Light Assault Rifle Scythe > --- INVENTORY (4) ---- Flight Unit Structural Scanner Improved Terrain Scanner Light Assault Rifle Peak State ------------ > --- POWER ------------ Improved Ion Engine > --- PROPULSION ------- Flight Unit Flight Unit Flight Unit Flight Unit > --- UTILITY ---------- Improved Sensor Array Seismic Analyzer Transport Network Coupler Hacking Suite > --- WEAPON ----------- Light Assault Rifle Scythe > --- INVENTORY -------- Flight Unit Structural Scanner Improved Terrain Scanner Light Assault Rifle [Rating: 17] Favorites ----------- Power Ion Engine Engine Ion Engine Propulsion Aluminum Leg Leg Aluminum Leg Flight Unit Flight Unit Utility Seismic Analyzer Device Improved Terrain Scanner Processor Seismic Analyzer Hackware Hacking Suite Weapon Light Assault Rifle Energy Gun EM Pulse Gun Ballistic Gun Light Assault Rifle Slashing Weapon Scythe Build | -11 -10 -9 -9 -9 -8 -8 ------- Run | Scr Mat Mat Min Exi Min Mat Slots Evolved 7 | 3 . 2 1 . 1 . Power . | . . . . . . . Propulsion 3 | 1 . 1 1 . . . Utility 3 | 1 . 1 . . 1 . Weapon 1 | 1 . . . . . . Parts Attached 30 | 7 . 2 2 1 8 10 Power 4 | 1 . . . . 1 2 Engine 4 | 1 . . . . 1 2 Core . | . . . . . . . Reactor . | . . . . . . . Propulsion 11 | 2 . 1 1 . 2 5 Treads . | . . . . . . . Leg 5 | 2 . 1 . . 2 . Wheel . | . . . . . . . Hover . | . . . . . . . Flight 6 | . . . 1 . . 5 Utility 8 | 2 . 1 . . 3 2 Device 5 | 1 . 1 . . 3 . Storage . | . . . . . . . Processor 2 | 1 . . . . . 1 Hackware 1 | . . . . . . 1 Protection . | . . . . . . . Artifact . | . . . . . . . Weapon 7 | 2 . . 1 1 2 1 Energy Gun 1 | 1 . . . . . . Energy Cannon . | . . . . . . . Ballistic Gun 5 | 1 . . 1 1 2 . Ballistic Cannon . | . . . . . . . Launcher . | . . . . . . . Special Weapon . | . . . . . . . Impact Weapon . | . . . . . . . Slashing Weapon 1 | . . . . . . 1 Piercing Weapon . | . . . . . . . Special Melee Weapon . | . . . . . . . Unidentified Prototypes . | . . . . . . . Parts Lost . | . . . . . . . Power . | . . . . . . . Propulsion . | . . . . . . . Utility . | . . . . . . . Weapon . | . . . . . . . Highest Loss Streak . | . . . . . . . Average Slot Usage (%) 99 | . 100 99 100 100 99 100 Engine 10 | . 14 12 10 10 9 9 Leg 28 | . 28 30 31 30 27 15 Flight 8 | . . . 6 10 9 20 Device 20 | . 14 18 20 20 25 18 Processor 10 | . 14 12 10 10 9 15 Energy Gun 3 | . 14 12 2 . . . Ballistic Gun 17 | . 14 12 17 20 18 16 Naked Turns . | . . . . . . . Heaviest Build 13 | 9 9 10 10 9 13 12 Greatest Support 43 | 20 20 30 35 35 41 43 Greatest Overweight (x) . | . . . . . . . Average Overweight (x) . | . . . . . . . Largest Inventory Capacity 4 | 3 3 4 4 4 4 4 Average Capacity 3 | 2 3 3 4 4 4 4 Most Carried 4 | 3 3 4 4 4 4 4 Average Carried 3 | 1 1 3 3 3 3 3 Final Capacity 4 | 3 3 4 4 4 4 4 Final Carried 4 | 1 3 4 4 4 4 4 Class Distribution -------------------- 80% | Scavenger-Skirmisher 13% | Mutant 3% | Scavenger-Sprinter Dominant Class ---------------- Mutant | -10/Materials Scavenger-Skirmisher | -9/Materials Scavenger-Skirmisher | -9/Mines Scavenger-Skirmisher | -9/Exiles Scavenger-Skirmisher | -8/Mines Scavenger-Sprinter | -8/Materials Resources | -11 -10 -9 -9 -9 -8 -8 ----------- Run | Scr Mat Mat Min Exi Min Mat Matter Collected 556 | 275 7 64 43 . 146 21 Remotely . | . . . . . . . Salvage Created 883 | 87 49 415 208 . 103 21 Parts 68 | 5 13 33 8 . 7 2 Haulers Intercepted . | . . . . . . . Recyclers Shooed 2 | . . 1 1 . . . Parts Field Recycled . | . . . . . . . Retrieved Matter . | . . . . . . . Parts Self-Destructed . | . . . . . . . Prevented . | . . . . . . . Kills | -11 -10 -9 -9 -9 -8 -8 ------- Run | Scr Mat Mat Min Exi Min Mat Combat Hostiles Destroyed 23 | . 3 14 4 . . 2 Guns 18 | . 3 10 3 . . 2 AOE 5 | . . 4 1 . . . Classes Destroyed 8 | 2 2 4 . . . . Worker 4 | . . 2 . . 2 . Builder 1 | . . 1 . . . . Tunneler 1 | 1 . . . . . . Recycler 5 | 1 . . 3 . 1 . Watcher 1 | . 1 . . . . . Swarmer 15 | . 3 7 3 . . 2 Grunt 5 | . . 5 . . . . Sentry 3 | . . 2 1 . . . Best Kill Streak 8 | 2 3 8 3 . 1 2 Combat Bots Only 7 | . 3 7 3 . . 2 Max Kills in Single Turn 3 | 1 1 3 1 . 1 2 Gunslinging 1 | . . . . . . 1 Exploded 3 | . . 3 1 . . . Melee . | . . . . . . . Uniques/NPCs Destroyed . | . . . . . . . Combat | -11 -10 -9 -9 -9 -8 -8 -------- Run | Scr Mat Mat Min Exi Min Mat Damage Taken 1697 | . 164 619 337 93 78 406 Core 1385 | . 131 504 262 89 60 339 Absorbed by Shields . | . . . . . . . Redirected to Core 1009 | . 97 373 248 11 60 220 Core Remaining (%) 78 | 100 87 . . . 48 . Volleys Fired 112 | 5 8 43 26 2 21 7 Largest 2 | 2 2 2 2 2 2 2 Hottest 60 | 60 60 60 60 40 40 40 Shots Fired 221 | 10 16 86 52 3 42 12 Gun 221 | 10 16 86 52 3 42 12 Cannon . | . . . . . . . Launcher . | . . . . . . . Special . | . . . . . . . Kinetic 158 | 5 8 43 45 3 42 12 Thermal . | . . . . . . . Explosive . | . . . . . . . Electromagnetic 63 | 5 8 43 7 . . . Robot Hit Streak 16 | 4 4 14 16 . 6 7 Robot Miss Streak 6 | 2 3 6 2 . 5 4 Penetration Max . | . . . . . . . Secondary Targets 2 | . . . 1 . . 1 Max Gunslinging Chain 1 | . . . 1 . . 1 Shots Hit Robots 119 | 5 7 42 36 . 22 7 Core Hits 59 | 3 4 26 14 . 8 4 Critical Hits 2 | . . 2 . . . . Critical Kills 1 | . . 1 . . . . Critical Parts Destroyed 1 | . . 1 . . . . Melee Attacks 9 | . . . . . . 9 Impact . | . . . . . . . Slashing 9 | . . . . . . 9 Piercing . | . . . . . . . Sneak Attacks . | . . . . . . . Combat Hostiles . | . . . . . . . Follow-up Attacks . | . . . . . . . Damage Inflicted 1569 | 79 87 777 347 15 197 67 Guns 1186 | 79 87 482 292 . 182 64 Cannons . | . . . . . . . Explosions 348 | . . 295 53 . . . Melee . | . . . . . . . Ramming 35 | . . . 2 15 15 3 Kinetic 683 | 27 20 152 238 . 182 64 Thermal 348 | . . 295 53 . . . Explosive . | . . . . . . . Electromagnetic 503 | 52 67 330 54 . . . Impact . | . . . . . . . Slashing . | . . . . . . . Piercing . | . . . . . . . Highest Corruption 2 | . . 1 1 2 2 . Average Corruption 1 | . . 1 1 1 2 . Corruption Purged . | . . . . . . . Effects 20 | . . 3 3 6 8 . Message Errors 7 | . . 1 1 2 3 . Heat Flow Errors 2 | . . . . 2 . . Energy Discharges 5 | . . . 1 1 3 . Data Loss (minor) 3 | . . 1 1 . 1 . Targeting Errors 2 | . . 1 . . 1 . Weapon Failures 1 | . . . . 1 . . Overload Shots . | . . . . . . . Overflow Damage . | . . . . . . . Projectiles . | . . . . . . . Explosions . | . . . . . . . Melee . | . . . . . . . Knockbacks . | . . . . . . . Impact . | . . . . . . . Kinetic . | . . . . . . . Secondary . | . . . . . . . Self-Inflicted Damage 81 | . . 60 4 15 2 . Shots 3 | . . 2 1 . . . Rammed 1 | . . . . . 1 . Targets Rammed 4 | . . . 1 . 2 1 Kicked 3 | . . . 1 . 1 1 Crushed . | . . . . . . . Highest Temperature 236 | 40 40 120 72 236 25 18 Average Temperature 39 | 19 16 39 30 111 12 11 Received Heat Transfer 402 | . 6 162 81 . 45 108 Siege Activations . | . . . . . . . Robots Corrupted . | . . . . . . . Combat Hostiles . | . . . . . . . Parts Fried 3 | . 1 2 . . . . Impact Corruptions . | . . . . . . . Robots Melted . | . . . . . . . Combat Hostiles . | . . . . . . . Parts Melted . | . . . . . . . Heat Transferred 400 | . . 300 100 . . . Parts Sabotaged . | . . . . . . . Parts Stolen . | . . . . . . . Parts Stripped . | . . . . . . . Power Chain Reactions 4 | . . 3 1 . . . Missiles Intercepted . | . . . . . . . Alert | -11 -10 -9 -9 -9 -8 -8 ------- Run | Scr Mat Mat Min Exi Min Mat Peak Influence 372 | 10 113 372 214 . 86 244 Initial 114 | . 6 47 114 . . 1 Average 99 | 6 53 230 122 . 28 72 Maximum Alert Level 1 | . . 1 1 . . 1 Low Security (%) 76 | 100 100 31 67 . 100 89 Level 1 23 | . . 68 32 . . 10 Level 2 . | . . . . . . . Level 3 . | . . . . . . . Level 4 . | . . . . . . . Level 5 . | . . . . . . . High Security . | . . . . . . . Max Security . | . . . . . . . Squads Dispatched 3 | . . . . . . 3 Investigation 1 | . . . . . . 1 Extermination . | . . . . . . . Reinforcement 2 | . . . . . . 2 Assault . | . . . . . . . Garrison . | . . . . . . . Intercept . | . . . . . . . Construction Impeded . | . . . . . . . Haulers Reinforced . | . . . . . . . Stealth | -11 -10 -9 -9 -9 -8 -8 --------- Run | Scr Mat Mat Min Exi Min Mat Distress Signals 1 | . 1 . . . . . Communications Jammed . | . . . . . . . Distress Signals . | . . . . . . . Times Spotted 59 | . 7 20 5 . 3 24 Peak Tracking Total 18 | . 5 7 3 . 3 18 Tactical Retreats 3 | . . 1 . . . 2 Traps | -11 -10 -9 -9 -9 -8 -8 ------- Run | Scr Mat Mat Min Exi Min Mat Traps Triggered 1 | . . 1 . . . . Indirectly . | . . . . . . . Trap Hack Attempts . | . . . . . . . Triggered . | . . . . . . . Disarmed . | . . . . . . . Reprogrammed . | . . . . . . . Reused . | . . . . . . . Traps Extracted . | . . . . . . . Installed . | . . . . . . . Triggered . | . . . . . . . Machines | -11 -10 -9 -9 -9 -8 -8 ---------- Run | Scr Mat Mat Min Exi Min Mat Machines Disabled 3 | . 1 1 1 . . . Max in Single Turn 1 | . 1 1 1 . . . Machines Sabotaged . | . . . . . . . Garrisons Compromised . | . . . . . . . Overloaded Fab Kills . | . . . . . . . Fab Network Shutdowns . | . . . . . . . Hacking | -11 -10 -9 -9 -9 -8 -8 --------- Run | Scr Mat Mat Min Exi Min Mat Machines Accessed 9 | . . 3 . 1 . 5 Terminals 6 | . . 2 . . . 4 Fabricators . | . . . . . . . Repair Stations . | . . . . . . . Recycling Units 1 | . . 1 . . . . Scanalyzers . | . . . . . . . Garrison Access 1 | . . . . . . 1 Total Hacks 46 | . . 11 . 23 . 12 Successful 38 | . . 7 . 23 . 8 Failed 8 | . . 4 . . . 4 Catastrophic . | . . . . . . . Database Lockouts . | . . . . . . . Manual . | . . . . . . . Terminals 20 | . . 9 . . . 11 Fabricators . | . . . . . . . Repair Stations . | . . . . . . . Recycling Units 2 | . . 2 . . . . Scanalyzers . | . . . . . . . Garrison Access 1 | . . . . . . 1 Terminal Hacks 36 | . . 6 . 23 . 7 Record 24 | . . 1 . 23 . . Prototype ID Bank 1 | . . 1 . . . . Branch Access Points 1 | . . . . . . 1 Locate Traps 1 | . . 1 . . . . Dispatch Records 1 | . . . . . . 1 Maintenance Status 1 | . . . . . . 1 Patrol Status 1 | . . 1 . . . . Investigation Status 1 | . . 1 . . . . Recall Investigation 1 | . . . . . . 1 Hauler Manifests 1 | . . 1 . . . . Zone Layout 3 | . . . . . . 3 Fabricator Hacks . | . . . . . . . Repair Station Hacks . | . . . . . . . Recycling Unit Hacks 1 | . . 1 . . . . Retrieve Components 1 | . . 1 . . . . Scanalyzer . | . . . . . . . Garrison Access Hacks 1 | . . . . . . 1 Unlock Access 1 | . . . . . . 1 Unauthorized Hacks . | . . . . . . . Terminals . | . . . . . . . Fabricators . | . . . . . . . Repair Stations . | . . . . . . . Recycling Units . | . . . . . . . Scanalyzers . | . . . . . . . Garrison Access . | . . . . . . . Data Cores Recovered . | . . . . . . . Used . | . . . . . . . Hacking Detections 7 | . . 3 . . . 4 Full Trace Events 1 | . . . . . . 1 Feedback Events . | . . . . . . . Feedback Blocked . | . . . . . . . Robot Schematics Acquired . | . . . . . . . Robots Built . | . . . . . . . Matter . | . . . . . . . Time . | . . . . . . . Total Robot Build Rating . | . . . . . . . Part Schematics Acquired . | . . . . . . . Parts Built . | . . . . . . . Matter . | . . . . . . . Time . | . . . . . . . Total Part Build Rating . | . . . . . . . Parts Repaired . | . . . . . . . Time . | . . . . . . . Parts Recycled . | . . . . . . . Recycled Matter . | . . . . . . . Retrieved Matter . | . . . . . . . Retrieved Components 3 | . . 3 . . . . Parts Scanalyzed . | . . . . . . . Part Schematics Acquired . | . . . . . . . Parts Damaged . | . . . . . . . Bothacking | -11 -10 -9 -9 -9 -8 -8 ------------ Run | Scr Mat Mat Min Exi Min Mat Used RIF Installer . | . . . . . . . Robots Hacked . | . . . . . . . Non-combat . | . . . . . . . Combat . | . . . . . . . Robot Hacks Applied . | . . . . . . . Relay Couplers Released . | . . . . . . . Robots Rewired 5 | . . . . 5 . . Allies Hacked . | . . . . . . . Hacks Repelled . | . . . . . . . Allies | -11 -10 -9 -9 -9 -8 -8 -------- Run | Scr Mat Mat Min Exi Min Mat Total Allies 5 | . . . . 5 . . Largest Group 5 | . . . . 5 5 1 Highest-Rated Group 66 | . . . . 66 66 8 Highest-Rated Ally 21 | . . . . 21 21 8 Total Orders . | . . . . . . . Ally Attacks 27 | . . . . . 20 7 Total Damage 400 | . . . . . 344 56 Kills 4 | . . . . . 3 1 Allies Corrupted . | . . . . . . . Allies Melted . | . . . . . . . Intel | -11 -10 -9 -9 -9 -8 -8 ------- Run | Scr Mat Mat Min Exi Min Mat Robot Analysis Total . | . . . . . . . Derelict Logs Recovered 2 | . . . 2 . . . Drone Launches . | . . . . . . . Drone Recoveries . | . . . . . . . Exploration | -11 -10 -9 -9 -9 -8 -8 ------------- Run | Scr Mat Mat Min Exi Min Mat Turns Passed 3606 | 112 175 511 688 1013 793 314 Spaces Moved 2630 | 69 119 295 443 787 596 321 Core 4 | 4 . . . . . . Treads . | . . . . . . . Legs 2398 | 65 119 295 443 787 596 93 Wheels . | . . . . . . . Hover . | . . . . . . . Flight 228 | . . . . . . 228 Fastest Speed 31 | 50 120 120 120 120 120 31 Average Speed 112 | 115 120 120 120 120 120 56 Slowest Speed 120 | 120 120 120 120 120 120 120 Overloaded Moves . | . . . . . . . Propulsion Burnouts . | . . . . . . . Robots Hopped 3 | . . . . . . 3 Cave-ins Triggered . | . . . . . . . Exploration Rate (%) 52 | 4 23 33 79 92 97 38 Regions Visited 6 Branch Regions 3 Pre-discovered Areas 2 | . . . 1 1 . . Known Exits Taken . | . . . . . . . Unknown Exits Taken 6 | 1 1 1 1 1 1 . Scrap Searched 4 | . . . 1 . 3 . Spaces Dug 8 | . . . . . . 8 Terrain Destroyed 15 | . . 3 4 . . 8 Melee 8 | . . . . . . 8 Projectile . | . . . . . . . AOE 7 | . . 3 4 . . . Terrain Rammed 3 | . . . . 3 . . Walls Destroyed . | . . . . . . . Machines Disabled . | . . . . . . . Actions | -11 -10 -9 -9 -9 -8 -8 --------- Run | Scr Mat Mat Min Exi Min Mat Total 3079 | 91 137 376 556 852 641 426 Wait 166 | 5 6 19 62 7 . 67 Move 2618 | 68 118 294 442 786 595 315 Hop 3 | . . . . . . 3 Pick Up 25 | 6 2 5 3 1 3 5 Fast Attach 7 | 2 . 1 . . 4 . Attach 8 | 5 . 1 1 . . 1 Detach . | . . . . . . . Swap 15 | . . . 1 1 4 9 Drop 21 | . . 3 2 1 8 7 Fire 112 | 5 8 43 26 2 21 7 Melee 9 | . . . . . . 9 Ram 3 | . . . . 3 . . Kick 4 | . . . 1 . 2 1 Crush . | . . . . . . . Escape Stasis . | . . . . . . . Rewire 51 | . . . . 51 . . Trap . | . . . . . . . Miscellaneous 37 | . 3 10 18 . 4 2 Route ------- -11/Scrapyard -10/Materials (discovered 2 exits: *Mat / [*Min]) -9/Materials -9/Mines (discovered 3 exits: *Mat x2 / *Exi) -9/Exiles (discovered 2 exits: [*Min x2]) -8/Mines (discovered 2 exits: *Mat x2) -8/Materials (discovered 2 exits: [*Fac] / Gar) History --------- Turn | Location | Event 2 | -11/Scrapyard | Met Revision 17 4 | -11/Scrapyard | Upgraded with Propulsion slot (x1) 4 | -11/Scrapyard | Upgraded with Utility slot (x1) 23 | -11/Scrapyard | Discovered new exit (range 15) 26 | -11/Scrapyard | Upgraded with Weapon slot (x1) 113 | -11/Scrapyard | Entered Materials 252 | -10/Materials | Discovered new exit (range 7) 272 | -10/Materials | Discovered new exit (range 7) 288 | -10/Materials | Entered another Materials area 290 | -9/Materials | Reached level 2 304 | -9/Materials | Build established: Mutant 450 | -9/Materials | Reached level 3 471 | -9/Materials | Destroyed 7 combat bots 481 | -9/Materials | Upgraded with Propulsion slot (x1) 481 | -9/Materials | Upgraded with Utility slot (x1) 654 | -9/Materials | Discovered new exit (range 15) 691 | -9/Materials | Core integrity fell below 50% 785 | -9/Materials | Build established: Scavenger-Skirmisher 799 | -9/Materials | Entered Mines 841 | -9/Mines | Discovered new exit (range 8) 857 | -9/Mines | Reached level 4 1020 | -9/Mines | Upgraded with Propulsion slot (x1) 1055 | -9/Mines | Learned location of Storage (-7) 1291 | -9/Mines | Discovered new exit (range 12) 1411 | -9/Mines | Core integrity fell below 20% 1481 | -9/Mines | Deemed a non-threat by the Exiles lab entrance 1482 | -9/Mines | Discovered new exit (range 5) 1487 | -9/Mines | Entered Exiles 1487 | -9/Exiles | Found Exiles lab destroyed 1610 | -9/Exiles | Learned location of Zion (-7) 2083 | -9/Exiles | Discovered new exit (range 14) 2343 | -9/Exiles | Discovered new exit (range 15) 2500 | -9/Exiles | Entered Mines 2500 | -8/Mines | Accompanied by 5 allies 2662 | -8/Mines | Reached level 5 2668 | -8/Mines | Upgraded with Utility slot (x1) 2850 | -8/Mines | Discovered new exit (range 6) 3281 | -8/Mines | Discovered new exit (range 11) 3293 | -8/Mines | Entered Materials 3293 | -8/Materials | Accompanied by 1 ally 3294 | -8/Materials | Core integrity fell below 50% 3295 | -8/Materials | Reached level 6 3334 | -8/Materials | Identified exit to Garrison 3598 | -8/Materials | Core integrity fell below 20% 3607 | -8/Materials | Discovered new exit (range 12) 3607 | -8/Materials | Destroyed by G-47 Trooper with Particle Gun Last Messages --------------- 03546_ ALERT: Suspicious activity at Terminal M012. Dispatching Investigation squad. 03550_ Dropped Imp. Aluminum Leg. 03552_ Acquired Scythe. 03561_ O-16 Technician: "IFF HANDSHAKE FAILED. SECURING TERMINAL." 03570_ ALERT: Hostiles spotted, dispatching reinforcements to Terminal M005. 03571_ Connecting with Terminal... >>Layout(Zone) Retrieving Zone 1S layout... Downloaded map data. 03582_ S-10 Pest destroyed. 03594_ O-16 Technician uses terminal to summon reinforcements. 03594_ ALERT: Hostiles spotted, dispatching reinforcements to Terminal M010. 03594_ O-16 Technician locks terminal. 03594_ C-30 ARC bursts open, deploying its payload. 03594_ G-47 Trooper unfolds itself. 03596_ U-05 Engineer destroyed. 03607_ EXIT=FOUND Map ----- +----------------------------------------------------+ | | | | | | | | | | | | | | | | | | | | | | | ?????????????????????????????????????????????????? | | ?????????????????????????????????????????????????? | | ?????????????????????????????????????????????????? | | ?????????????????????????????????????????????????? | | ?????????????????????????????????????????????????? | | ?????????????????????????????????????????????????? | | ?????????????????????????????????????????????????? | | ?????????????????????????????????????????????????? | | ?????????????????????????????????????????????????? | | ?????????????????????????????????????????????????? | | ?????????????????????????????????????????????????? | | ????????????####+########+###########+###????????? | | ????????????# ???????? | | ????????????# < g ???????? | | ????????????# g @ ???????? | | ??????????????##########g ########??????????????? | | ??????????????# # #?????????????????????? | | ??????????????# ]]] # #?????????????????????? | | ??????????????# ]] + ###############???????? | | ?????????????# ]] # #???????? | | ?????????????## # #???????? | | ??????????????# [ ?# #???????? | | ??????????????# ""?############### #???????? | | ??????????????# S"??????########### #???????? | | ??????????????# ""??????# ] ! # #???????? | | ??????????????######???????# """ +a #???????? | | ???????????????????????????# "Y" = # #???????? | | ???????????????????????????# # #???????? | | ???????????????????????????########### ##??????? | | ????????????????????????????????????# ####### | | ????????????????????????????????##### | | ????????????????????????????????#]] T | | ????????????????????????????????#]] *! | | ????????????????????????????????#!! !%= ####### | | ????????????????????????????????#!! ##| ##???#### | | ???????????????????????????????##!! ## #????# | | ???????????????????????????????#"!! ## #????# | | ???????????????????????????????####"## #????# | | ??????????????????????????????????# ## #????# | +----------------------------------------------------+ Best States ------------- Heat Dissipation 31 Energy Generation 22 Energy Capacity 315 Matter Stores 300 Matter Capacity 300 Sight Range 17 Robot Scan Range 17 Terrain Scan Range 16 Terrain Scan Density 160 Additional Mass Support 6 Resistance: KI 5 Resistance: TH 5 Resistance: EX 5 Evasion (%) 63 Offensive Hacking 10 Item Schematics ----------------- None Robot Schematics ------------------ None Fabricated ------------ Nothing Alien Tech Used ----------------- None Achievements -------------- A New Friend Challenges ------------ None RPGLIKE | -11 -10 -9 -9 -9 -8 -8 --------- Run | Scr Mat Mat Min Exi Min Mat Levels Raised 5 | . . 2 1 . 1 1 XP Earned 11304 | 3000 460 3335 1025 200 986 2298 XP Spent 10325 | 3000 . 2950 1550 . 1450 1375 Upgrades 24 | 6 . 5 4 . 5 4 Propulsion Slot 3 | 1 . 1 1 . . . Utility Slot 3 | 1 . 1 . . 1 . Weapon Slot 1 | 1 . . . . . . Heat Dissipation 1 | . . . . . 1 . Energy Generation 2 | . . . 1 . . 1 Energy Storage 1 | . . 1 . . . . Mass Support 2 | . . . 1 . . 1 Inventory Capacity 4 | 3 . 1 . . . . Sight Range 1 | . . . . . 1 . Sensor Range 2 | . . . 1 . . 1 Terrain Scan Density 1 | . . . . . 1 . KI Resistance % 1 | . . 1 . . . . TH Resistance % 1 | . . . . . 1 . EX Resistance % 1 | . . . . . . 1 Protomatter Created 275 | . 31 160 78 . . 6 Integrity Restored 777 | . 54 186 402 . 96 39 Core 777 | . 54 186 402 . 96 39 Protomatter Decayed 81 | . . 81 . . . . Game ------ Seed AngularHardcellPenetrator Manual? 0 Play Time 00:47:38 Cumulative 26.7 hours Start 2022.03.04 @ 00:20:29 End 2022.03.05 @ 15:35:35 Sessions 3 Manual Loads 0 Difficulty Rogue Special Mode Winter2019/RPGLIKE Game No. 33 Rogue 33 Adventurer 0 Explorer 0 Win Type - Total 0 Types 0/0/0/0/0/0/0/0/0 Lore% 32 Gallery% 30 Achievement% 32 Wizard Run 0 Options --------- ASCII 0 Keyboard 0 Movement Numpad Keybinds 0 Fullscreen 1 Font 18/SmallcapsGlow Map View 76x50 Tactical HUD 1 Map Filters NONE Filters NONE Steam 1 RUN: 879307ba-e321-4d98-93ff-8de60bf92914